 Dungeon Crawl Stone Soup version 0.21.1-1-g345015fe64 (webtiles) character file.

287 Jyngge the Chopper (level 6, -3/53 HPs)
             Began as a Minotaur Fighter on June 24, 2018.
             Slain by martinkus's ghost (12 damage)
             ... on level 4 of the Dungeon.
             The game lasted 00:06:19 (2228 turns).

Jyngge the Chopper (Minotaur Fighter)               Turns: 2228, Time: 00:06:20

Health: -3/53      AC: 11    Str: 22    XL:     6   Next: 8%
Magic:  5/5        EV:  8    Int:  5    God:
Gold:   116        SH: 10    Dex: 10    Spells: 5/5 levels left

rFire    . . .     SeeInvis .   a - +0 war axe
rCold    . . .     Gourm    .   c - +0 shield
rNeg     . . .     Faith    .   b - +0 scale mail
rPois    .         Spirit   .   (helmet restricted)
rElec    .         Reflect  .   r - +2 cloak
rCorr    .         Harm     .   s - +0 pair of gloves
MR       .....                  (no boots)
Stlth    ..........             (no amulet)
HPRegen  0.17/turn              (no ring)
MPRegen  0.09/turn              (no ring)

@: no status effects
A: retaliatory headbutt, horns 2
a: no special abilities


You were on level 4 of the Dungeon.
You were near starving.

You visited 1 branch of the dungeon, and saw 4 of its levels.

You collected 116 gold pieces.

Inventory:

Hand Weapons
 a - a +0 war axe (weapon)
Armour
 b - a +0 scale mail (worn)
 c - a +0 shield (worn)
 r - a +2 cloak (worn)
 s - a +0 pair of gloves (worn)
Scrolls
 e - 3 scrolls of identify {unknown}
 g - a scroll of amnesia {unknown}
 h - 2 scrolls of immolation {unknown}
 j - 2 scrolls of teleportation {unknown}
 k - 2 scrolls of remove curse {unknown}
Potions
 d - 2 potions of might
 i - a potion of berserk rage {unknown}
 l - 2 potions of flight {unknown}
 m - 2 potions of degeneration {unknown}
 n - a potion of brilliance {unknown}
 o - a potion of mutation {unknown}
 p - a potion of invisibility {unknown}
 q - a potion of magic {unknown}
 u - 2 potions of curing {unknown}
Books
 v - a book of Misfortune

   Spells                             Type                      Level
   a - Confusing Touch                Hexes                        1
   b - Confuse                        Hexes                        3
   c - Gell's Gravitas                Translocation                3
   d - Petrify                        Transmutation/Earth          4
   e - Metabolic Englaciation         Hexes/Ice                    5
   f - Yara's Violent Unravelling     Hexes/Transmutation          5
Comestibles
 f - 12 rations
 t - 4 chunks of flesh


   Skills:
 + Level 4.5 Fighting
 + Level 5.1 Axes
 + Level 4.7 Armour
 + Level 1.3 Dodging
 + Level 5.0 Shields


You had 5 spell levels left.
You didn't know any spells.

Dungeon Overview and Level Annotations

Branches:
Dungeon (4/15)
 Temple: D:4-7

Altars:
Wu Jian

Annotations:
D:4 martinkus's ghost, novice TrBe


Innate Abilities, Weirdness & Mutations

You reflexively headbutt those who attack you in melee.
You have a pair of horns on your head.


Message History

You hit martinkus's ghost.
Martinkus's ghost is severely damaged.
You block martinkus's ghost's attack.
Martinkus's ghost hits you but does no damage.
You closely miss martinkus's ghost.
Martinkus's ghost is severely damaged.
Martinkus's ghost hits you!
Your shield and scale mail prevent you from hitting martinkus's ghost.
Martinkus's ghost is severely damaged.
Martinkus's ghost screams, "You must not succeed where I failed!"
You block martinkus's ghost's attack.
You barely miss martinkus's ghost.
Martinkus's ghost is severely damaged.
Martinkus's ghost hits you!
* * * LOW HITPOINT WARNING * * *
You block martinkus's ghost's attack.
You hit martinkus's ghost but do no damage.
Martinkus's ghost is severely damaged.
Martinkus's ghost hits you!
You die...

#.# ####### ##.. .......
#.#.#...#.## ...........
#.....#.# #....#.#
#....#.# #W####.# #.##@##
#.# #.##..###.####
#.###.#......# #..#.#
#.#.[....# .....#.#
#........# ..#.##.#
##.......#
########.#.##.####(......#
......<#.#.##.......#.####
###.#..#.#.##.[.....#.#


You could see martinkus's ghost.

Vanquished Creatures
  An ice beast (D:4)
  A jelly (D:2)
  An orc wizard (D:4)
  Robin (D:2)
  4 adders
  An ooze (D:4)
  A worm (D:4)
  A dart slug (D:1)
  2 leopard geckos
  4 orcs (D:4)
  8 bats
  3 giant cockroaches
  18 goblins
  9 hobgoblins
  5 jackals (D:1)
  A quokka (D:2)
  2 ball pythons (D:1)
  A frilled lizard (D:2)
  2 kobolds
  4 rats
70 creatures vanquished.

Notes
Turn   | Place    | Note
-------+----------+-------------------------------------------
     0 | D:1      | Jyngge the Minotaur Fighter began the quest for the Orb.
     0 | D:1      | Reached XP level 1. HP: 19/19 MP: 0/0
    58 | D:1      | Reached XP level 2. HP: 25/27 MP: 1/1
   369 | D:1      | Reached XP level 3. HP: 32/33 MP: 2/2
   836 | D:2      | Noticed Robin
   866 | D:2      | Killed Robin
   872 | D:2      | Reached XP level 4. HP: 6/40 MP: 3/3
  1336 | D:2      | Reached skill level 1 in Dodging
  1503 | D:2      | Reached XP level 5. HP: 46/46 MP: 4/4
  1970 | D:2      | Found an ornate altar of the Wu Jian Council.
  2088 | D:4      | Noticed an ice beast
  2100 | D:4      | Killed an ice beast
  2100 | D:4      | Reached skill level 5 in Axes
  2113 | D:4      | Reached skill level 5 in Shields
  2130 | D:4      | Reached XP level 6. HP: 36/53 MP: 5/5
  2208 | D:4      | Noticed martinkus's ghost (novice TrBe)
  2228 | D:4      | Slain by martinkus's ghost

Skill      XL: |  1  2  3  4  5 |
---------------+----------------+-----
Shields        | 4 5 |  5.0
Armour         | 4 |  4.7
Axes           | 3 4 5 |  5.1
Fighting       | 4 |  4.5
Dodging        | 1 |  1.3

Action                   |  1- 3 |  4- 6 || total
-------------------------+-------+-------++-------
Melee: War axe           |   113 |    83 ||   196
       Headbutt          |    15 |     5 ||    20
  Eat: Chunk             |       |     3 ||     3
Armor: Scale mail        |    55 |    43 ||    98
Dodge: Dodged            |    37 |    30 ||    67
Block: Shield            |    67 |    48 ||   115
